 Dungeon Crawl Stone Soup version 0.29-a0-275-g389c0b56f3 (webtiles) character file.

Game seed: 17260313688077463271

30683 jt the Sharpshooter (level 13, -2/88 HPs)
             Began as a Kobold Arcane Marksman on Mar 9, 2022.
             Was a High Priest of Fedhas.
             Killed from afar by a deep elf pyromancer (14 damage)
             ... with a bolt of fire
             ... in a volcano.
             The game lasted 00:35:18 (18747 turns).

jt the Sharpshooter (Kobold Arcane Marksman)       Turns: 18747, Time: 00:35:18

Health: -2/88      AC: 12    Str: 10    XL:     13   Next: 90%
Magic:  19/19      EV: 24    Int: 14    God:    Fedhas [*****.]
Gold:   155        SH:  0    Dex: 18    Spells: 9/20 levels left

rFire   + + .      SeeInvis +   a - +2 arbalest (freeze)
rCold   + + .      Faith    .   (shield currently unavailable)
rNeg    . . .      Spirit   .   y - +2 robe {rC+ rF+}
rPois   .          Reflect  .   s - +0 helmet
rElec   .          Harm     .   J - +2 cloak
rCorr   +          Rampage  .   r - +2 pair of gloves
Will    .....      Rage     1%  w - +0 pair of boots
Stlth   +++.......              P - amulet "Roxeheh" {RegenMP rF+ Regen+ rCorr}
HPRegen 1.04/turn               e - ring of protection from cold
MPRegen 0.56/turn               k - ring of see invisible

@: no status effects
A: small, no large weapons, nightstalker 3, berserk 1, sturdy frame 1
a: Renounce Religion, Wall of Briars, Grow Ballistomycete, Overgrow, Grow Oklob


You were in a volcano.
You worshipped Fedhas.
Fedhas was extremely pleased with you.
You visited 3 branches of the dungeon, and saw 14 of its levels.
You also visited: Volcano.

You collected 700 gold pieces.
You spent 545 gold pieces at shops.

Inventory:

Hand Weapons
 a - a +2 arbalest of freezing (weapon)
 h - a +3 dagger of speed
 o - a +0 trident
 z - a +2 whip of electrocution
 E - a +0 hand crossbow
Missiles
 g - 309 stones
 x - 3 poisoned darts
 B - 4 curare-tipped darts
 W - a throwing net
Armour
 p - a +0 buckler
 r - a +2 pair of gloves (worn)
 s - a +0 helmet (worn)
 w - a +0 pair of boots (worn)
 y - a +2 robe of resistance (worn)
 C - a +1 scale mail of cold resistance
 G - +0 swamp dragon scales
 I - the +1 robe of Uskayaw's Scorn {rF+ rN+}
   (You found it on level 8 of the Dungeon)

   rF:        It protects you from fire.
   rN:        It protects you from negative energy.
 J - a +2 cloak (worn)
Jewellery
 e - a ring of protection from cold (left hand)
 i - a ring of magical power
 k - a ring of see invisible (right hand)
 n - a ring of positive energy
 q - a ring of resist corrosion
 t - a ring of wizardry
 P - the amulet "Roxeheh" (around neck) {RegenMP rF+ Regen+ rCorr}
   (You bought it in a shop on level 1 of the Dungeon)

   [amulet of magic regeneration]

   It increases your rate of magic regeneration.
   rF:        It protects you from fire.
   Regen:     It increases your rate of health regeneration.
   rCorr:     It protects you from acid and corrosion.
Wands
 b - a wand of flame (29)
 d - a wand of polymorph (2)
 D - a wand of iceblast (1)
Scrolls
 c - 4 scrolls of vulnerability
 f - 4 scrolls of teleportation
 j - 3 scrolls of fog
 u - a scroll of amnesia
 v - 2 scrolls of magic mapping
 A - a scroll of fear
 K - 2 scrolls of enchant armour
 M - a scroll of enchant weapon
 N - a scroll of immolation
 Q - 2 scrolls of blinking
Potions
 l - 2 potions of attraction
 m - 4 potions of lignification
 F - a potion of magic
 L - a potion of curing
 O - a potion of flight
 R - a potion of berserk rage
 S - a potion of haste
 V - a potion of mutation


   Skills:
 + Level 13.3 Fighting
 + Level 15.7 Crossbows
 - Level 2.0 Throwing
 - Level 3.0 Armour
 + Level 13.6 Dodging
 - Level 4.0 Spellcasting
 + Level 6.1 Hexes
 - Level 4.0 Translocations
 - Level 4.0 Fire Magic
 + Level 0.0 Evocations


You had 9 spell levels left.
You knew the following spells:

 Your Spells              Type           Power      Damage    Failure   Level
a - Slow                  Hex            76%        N/A       1%          1
b - Inner Flame           Hex/Fire       16%        N/A       8%          3
c - Portal Projectile     Hex/Tloc       32%        N/A       8%          3
d - Cause Fear            Hex            9%         N/A       16%         4

Your spell library contained the following spells:

 Spells                   Type           Power      Damage    Failure   Level
 Apportation              Tloc           28%        N/A       3%          1
 Teleport Other           Tloc           14%        N/A       11%         3
 Manifold Assault         Tloc           14%        N/A       71%         5
 Alistair's Intoxication  Tmut/Pois      1%         N/A       99%         5
 Freezing Cloud           Conj/Ice/Air   1%         6-21      99%         5
 Simulacrum               Ice/Necr       1%         N/A       100%        6
 Statue Form              Tmut/Erth      1%         N/A       100%        6
 Polar Vortex             Ice            1%         N/A       100%        9


Dungeon Overview and Level Annotations

Branches:
Dungeon (8/15)             Temple (1/1) D:5            Lair (5/6) D:8
 Shoals (0/4) Lair:4       Spider (0/4) Lair:2        Slime (0/5) Lair:5
Volcano (1/1)

Altars:
Ashenzari
Cheibriados
Elyvilon
Fedhas
Kikubaaqudgha
Makhleb
Nemelex Xobeh
Okawaru
Ru
Sif Muna
Trog
Uskayaw
Vehumet
Xom
Yredelemnul
Zin
The Shining One

Shops:
D:1 =   D:3 (   D:5 [   D:6 (   D:8 [


Innate Abilities, Weirdness & Mutations

You are small and have problems with some larger weapons.
You are completely attuned to the shadows.
You tend to lose your temper in combat.
Your movements are slightly less encumbered by armour. (ER -2)


Message History

The fire elemental is frozen!
The fire elemental is moderately damaged.
The iceblast engulfs the deep elf archer!
The deep elf archer is almost dead.
The iceblast engulfs the deep elf pyromancer!
The deep elf pyromancer is almost dead.
You hear a bark!
The fire elemental misses you. x2
The deep elf pyromancer casts a spell at you.
The sticky flame hits you. You resist.
You are covered in liquid flames!
* * * LOW HITPOINT WARNING * * *
Aiming: Iceblast
Press: ? - help, Shift-Dir - straight line, f - fire elemental
Aim: a fire elemental (moderately damaged, summoned)
The mass of ice explodes!
The iceblast engulfs the fire elemental!
The fire elemental is frozen!
The fire elemental is severely damaged.
The iceblast engulfs the fire elemental!
The fire elemental is frozen!
The fire elemental is heavily damaged.
The iceblast engulfs the deep elf archer!
You kill the deep elf archer!
Fedhas appreciates your contribution to the ecosystem.
The iceblast engulfs the deep elf pyromancer!
You kill the deep elf pyromancer!
Fedhas appreciates your contribution to the ecosystem.
The fire elemental disappears in a puff of smoke! x2
You are covered in liquid flames!
* * * LOW HITPOINT WARNING * * *
You are no longer on fire.
The fire elemental closely misses you.
The deep elf pyromancer gestures at you while chanting.
The bolt of fire hits the fire elemental.
The fire elemental completely resists.
The bolt of fire hits the fire elemental.
The fire elemental completely resists.
The bolt of fire hits you! You resist.
You die...
Fedhas appreciates your contribution to the ecosystem.

#∩..####..+.....#
#∩..# ..h#...###
###.# ..#.#)#.#
§§### ###...#
#§≈≈§# #.....#..#
+..○○)#..#
#...§§#°e#
###..)#E.#
§≈###@EEe#
≈≈≈###E.#
#≈≈≈≈#### ##≈≈≈≈≈
#######


You could see 2 deep elf pyromancers and 4 fire elementals.

Vanquished Creatures
  A catoblepas (Lair:3)
  A deep elf archer (Volcano)
  Pikel (D:5)
  2 deep elf pyromancers (Volcano)
  23 elephants
  7 cane toads
  2 black mambas
  Maggie (D:7)
  Psyche (D:8)
  3 rime drakes
  6 komodo dragons
  2 polar bears (Lair:4)
  11 blink frogs
  Sigmund (D:4)
  5 fire elementals (Volcano)
  Eustachio (D:4)
  26 yaks
  2 redbacks (Lair:2)
  3 wyverns
  4 basilisks
  Menkaure (D:4)
  13 water moccasins
  5 hell hounds (Volcano)
  2 ice beasts (D:6)
  7 black bears
  3 orc warriors
  2 ogres
  8 wolves
  2 centaurs
  A lemure (D:4)
  Blork the orc (D:5)
  2 wyvern zombies (D:5)
  13 bullfrogs
  A necrophage (D:4)
  4 scorpions
  2 water moccasin zombies (D:5)
  6 wights
  5 killer bees (D:8)
  2 howler monkeys
  A centaur zombie (D:5)
  5 hounds
  A bullfrog zombie (D:5)
  14 jellies
  Crazy Yiuf (D:5)
  6 orc priests
  A gnoll shaman (D:7)
  6 hell rats (Lair:1)
  6 iguanas
  A scorpion zombie (D:5)
  7 orc wizards
  A killer bee zombie (D:5)
  A hound zombie (D:5)
  6 adders
  5 gnolls (D:7)
  2 ufetubi (D:4)
  A dart slug (D:5)
  34 orcs
  8 ball pythons
  15 endoplasms
  A giant cockroach (D:3)
  6 goblins
  6 hobgoblins
  9 kobolds
  3 quokkas
  5 bats
  3 frilled lizards
  5 rats
343 creatures vanquished.

Vanquished Creatures (others)
  An orc wizard (D:3)
  36 fungi
  34 plants
71 creatures vanquished.

Grand Total: 414 creatures vanquished

Notes
Turn   | Place    | Note
-------+----------+-------------------------------------------
     0 | D:1      | jt the Kobold Arcane Marksman began the quest for the Orb.
     0 | D:1      | Reached XP level 1. HP: 12/12 MP: 2/2
   116 | D:1      | Reached skill level 3 in Crossbows
   123 | D:1      | Reached XP level 2. HP: 16/16 MP: 3/3
   501 | D:1      | Reached XP level 3. HP: 21/21 MP: 4/4
   658 | D:1      | Found a faded altar of an unknown god.
   767 | D:1      | Found Nequps's Jewellery Shoppe.
   827 | D:2      | Reached skill level 4 in Crossbows
  1297 | D:2      | Reached XP level 4. HP: 27/27 MP: 5/5
  2704 | D:3      | Found Nal Pyg's Antique Weapon Emporium.
  2813 | D:3      | Reached XP level 5. HP: 29/32 MP: 6/6
  2931 | D:3      | Reached skill level 5 in Crossbows
  3109 | D:3      | Reached skill level 6 in Crossbows
  3109 | D:3      | Reached XP level 6. HP: 26/39 MP: 7/7
  3209 | D:3      | Got the Catalogue of the Traveller and Transmigration
  3928 | D:4      | Reached skill level 5 in Fighting
  4144 | D:4      | Reached XP level 7. HP: 32/44 MP: 8/8
  4514 | D:4      | Reached skill level 7 in Crossbows
  4770 | D:4      | Noticed Sigmund
  4790 | D:4      | Killed Sigmund
  4791 | D:4      | Reached XP level 8. HP: 51/51 MP: 9/9
  4931 | D:4      | Noticed Menkaure
  4941 | D:4      | Killed Menkaure
  4942 | D:4      | Reached skill level 8 in Crossbows
  5603 | D:5      | Entered Level 5 of the Dungeon
  5604 | D:5      | Noticed Pikel
  5753 | D:5      | Reached skill level 5 in Dodging
  5759 | D:4      | Learned a level 3 spell: Inner Flame
  5763 | D:4      | Learned a level 3 spell: Portal Projectile
  5794 | D:5      | Noticed Eustachio
  5816 | D:4      | Killed Eustachio
  6439 | D:5      | HP: 2/53 [Pikel/+2 whip of electrocution (15)]
  6440 | D:5      | Killed Pikel
  6441 | D:5      | Reached skill level 9 in Crossbows
  6441 | D:5      | Reached XP level 9. HP: 2/59 MP: 10/10
  7129 | D:5      | Found a runed translucent door.
  7132 | D:5      | Noticed Crazy Yiuf
  7133 | D:5      | Gained mutation: You tend to lose your temper in combat.
                  | [potion of mutation]
  7133 | D:5      | Gained mutation: Your movements are slightly less
                  | encumbered by armour. (ER -2) [potion of mutation]
  7186 | D:5      | Found a staircase to the Ecumenical Temple.
  7192 | Temple   | Entered the Ecumenical Temple
  7506 | D:5      | Reached skill level 10 in Crossbows
  7549 | D:5      | Found a bloodstained altar of Trog.
  7648 | Temple   | Became a worshipper of Fedhas Madash
  7711 | D:5      | Noticed Blork the orc
  7723 | D:5      | Killed Blork the orc
  7814 | D:5      | Found Pykuquo's Armour Shoppe.
  8620 | D:6      | Found Ciadenug's Antique Weapon Shop.
  8670 | D:6      | Reached XP level 10. HP: 65/65 MP: 11/11
  8911 | D:6      | Reached skill level 11 in Crossbows
  8993 | D:6      | Reached * piety under Fedhas
  9881 | D:7      | Reached ** piety under Fedhas
 10232 | D:7      | Noticed Maggie
 10245 | D:7      | Identified a scroll of acquirement
 10245 | D:7      | Acquired a +0 arbalest of freezing
 10613 | D:7      | Killed Maggie
 11285 | D:8      | Noticed Psyche
 11294 | D:8      | Killed Psyche
 11295 | D:8      | Reached skill level 10 in Fighting
 11295 | D:8      | Reached skill level 1 in Armour
 11346 | D:8      | Reached skill level 12 in Crossbows
 11365 | D:8      | Reached XP level 11. HP: 40/72 MP: 12/12
 11741 | D:8      | Reached skill level 10 in Dodging
 11906 | D:8      | Found Ichif's Armour Boutique.
 12183 | D:8      | Found a staircase to the Lair.
 12232 | D:8      | Identified the +1 robe of Uskayaw's Scorn {rF+ rN+}
 12624 | Lair:1   | Entered Level 1 of the Lair of Beasts
 12670 | Lair:1   | Reached *** piety under Fedhas
 13343 | D:5      | Killed Crazy Yiuf
 13893 | Lair:1   | Reached skill level 13 in Crossbows
 14344 | Lair:2   | Noticed an elephant
 14344 | Lair:2   | Noticed an elephant
 14345 | Lair:2   | Noticed an elephant
 14354 | Lair:1   | Killed an elephant
 14569 | Lair:2   | Reached XP level 12. HP: 80/80 MP: 15/17
 14747 | Lair:2   | Found a hole to the Spider Nest.
 14845 | Lair:2   | Reached skill level 5 in Hexes
 14939 | Lair:2   | Reached **** piety under Fedhas
 15151 | Lair:2   | Reached skill level 14 in Crossbows
 16089 | D:1      | Bought the amulet "Roxeheh" {RegenMP rF+ Regen+ rCorr} for
                  | 545 gold pieces
 16335 | Lair:3   | Noticed a catoblepas
 16346 | Lair:3   | Killed a catoblepas
 16470 | Lair:3   | Learned a level 4 spell: Cause Fear
 16566 | Lair:3   | Reached skill level 1 in Translocations
 16566 | Lair:3   | Reached skill level 1 in Fire Magic
 16622 | Lair:3   | Reached XP level 13. HP: 87/87 MP: 19/19
 17371 | Lair:4   | Reached ***** piety under Fedhas
 17402 | Lair:4   | Found a staircase to the Shoals.
 17555 | Lair:4   | Reached skill level 15 in Crossbows
 18630 | Lair:5   | Found a dark tunnel.
 18646 | Volcano  | Entered a volcano
 18743 | Volcano  | HP: 3/88 [deep elf archer/arrow (17)]
 18747 | Volcano  | Killed from afar by a deep elf pyromancer

Illustrated notes

Levels and vault maps discovered:
D:1:      scummos_arrival_gate, layout_rooms, shapermc_ecumenical_altar_ellora,
          serial_shops, shop, minmay_indecisive_spiral
D:2:      layout_basic
D:3:      layout_loops_ring, serial_shops, nicolae_diamond_shop,
          dk_noncrumbling_3, minmay_misc_feat_tower
D:4:      layout_cave_pods, nicolae_overflow_hidden_temple, uniq_sigmund,
          uniq_menkaure
D:5:      layout_loops_ring, trog_ov_bears_minmay, temple_fountains,
          serial_undead, serial_undead_d, serial_undead_a, serial_undead_a,
          serial_undead_a, serial_shops, nicolae_shop_waterfront, uniq_pikel,
          uniq_crazy_yiuf_cottage, uniq_eustachio, uniq_blork_the_orc
D:6:      layout_cave_pools, serial_shops, kennysheep_little_box
D:7:      layout_loops_cross, serial_co_window_serial, co_window_paths_a,
          co_window_paths_a, co_window_paths_b, co_window_corner_a,
          co_window_paths_a, co_window_of_opportunity_c, co_window_2corner,
          co_window_corner_b, co_window_paths_d, glass_columns_a, uniq_maggie
D:8:      layout_loops_corners, dpeg_oklobed_lair, serial_shops,
          kennysheep_mini_moat, dk_noncrumbling_2, uniq_psyche
Temple:   eino_temple_scatter_basement
Lair:1:   layout_regular_city
Lair:2:   layout_regular_city, spider_nest_entry_webs, lemuel_fruit_fields,
          grunt_megastairs_1
Lair:3:   layout_cave_pods, grunt_megastairs_4
Lair:4:   wander_river, layout_regular_city, shoals_dummy_entry,
          grunt_megastairs_2
Lair:5:   beast_lair_carwin_large_3, layout_cave_pods,
          minmay_slime_entry_jelly_boxes, nicolae_volcano_entry_lava_flow
Volcano:  hellmonk_pyromancer_palace

Skill      XL: |  1  2  3  4  5  6  7  8  9 10 11 12 13 |
---------------+----------------------------------------+-----
Crossbows      | 3 4 6 7 9 10 12 13 14 15 | 15.7
Fighting       | 2 3 4 5 6 7 8 10 11 12 13 | 13.3
Dodging        | 4 6 7 9 11 12 13 | 13.6
Throwing       | 2 |  2.0
Armour         | 1 3 |  3.0
Spellcasting   | 3 4 |  4.0
Hexes          | 4 5 6 |  6.1
Translocations | 1 4 |  4.0
Fire Magic     | 1 4 |  4.0

Action                   |  1- 3 |  4- 6 |  7- 9 | 10-12 | 13-15 || total
-------------------------+-------+-------+-------+-------+-------++-------
Melee: Hand crossbow     |     1 |       |       |     1 |       ||     2
       Dagger            |       |       |       |     1 |       ||     1
 Fire: Hand crossbow     |    82 |   173 |   430 |   199 |       ||   884
       Arbalest          |       |       |       |   408 |   270 ||   678
Throw: Dart              |       |       |     1 |     2 |       ||     3
 Cast: Slow              |     1 |       |     1 |     5 |       ||     7
Invok: Wall of Briars    |       |       |       |     1 |     2 ||     3
Evoke: Wand              |       |       |       |       |     5 ||     5
  Use: Scroll            |     3 |     3 |     2 |    10 |     7 ||    25
       Potion            |       |       |    10 |       |     5 ||    15
Armor: Robe              |     8 |    27 |   119 |    29 |    49 ||   232
       Skin              |       |       |     6 |       |    41 ||    47
       Swamp dragon scal |       |       |       |    64 |    17 ||    81
Dodge: Dodged            |    16 |    81 |   402 |   402 |   314 ||  1215

Table legend: (Time is in decaauts)
 A = Elapsed time spent in this place.
 B = Non-inter-level travel time spent in this place.
 C = Inter-level travel time spent in this place.
 D = Time resting spent in this place.
 E = Time spent auto-exploring this place.
 F = Levels seen in this place.
 G = Mean time per level.
                   A        B        C        D        E       F      G
               +--------+--------+--------+--------+--------+-----+--------+
         Total |  18975 |  17798 |   1177 |   5371 |   9246 |  15 | 1265.0 |
       Dungeon |  13093 |  12229 |    864 |   4333 |   5892 |   8 | 1636.6 |
        Temple |    279 |    234 |     45 |      0 |    214 |   1 |  279.0 |
          Lair |   5500 |   5232 |    268 |   1022 |   3119 |   5 | 1100.0 |
       Volcano |    101 |    101 |      0 |     16 |     20 |   1 |  101.0 |
               +--------+--------+--------+--------+--------+-----+--------+

Top non-repeatable levels by time:
     D:4: 2906 daAuts
     D:5: 1738 daAuts
  Lair:1: 1730 daAuts
     D:3: 1670 daAuts
     D:7: 1622 daAuts
     D:8: 1550 daAuts
     D:2: 1469 daAuts
  Lair:2: 1387 daAuts
     D:6: 1242 daAuts
  Lair:3: 1081 daAuts
  Lair:4: 1059 daAuts
     D:1: 894 daAuts
  Temple: 279 daAuts
  Lair:5: 242 daAuts
 Volcano: 101 daAuts
